Map: Dusty Gorge

Players

liffew

  • Race: Protoss Protoss
  • League: Gold
  • Spawn Location: 5:00

Flexar

  • Race: Terran Terran
  • League: Bronze
  • Spawn Location: 3:00

Massa - Winner!

  • Race: Terran Terran
  • League: Gold
  • Spawn Location: 9:00

qqq - Winner!

  • Race: Protoss Protoss
  • League: Platinum
  • Spawn Location: 11:00

VOD

Have the link to the VOD?

Description

Time

  • Played on: June 6, 2020, 2:52 p.m.
  • Length: 8:02
Show
View Real Time Build Order
Export as new Build Order

liffew Protoss 

Build Orders:  

Get SALT Encoding   

  12  0:00  Probe  
  13  0:24  Probe  
  14  0:30  Pylon  
  14  0:36  Probe  
  14  0:42  Assimilator  
  15  0:49  Probe, Gateway  
  16  1:00  Gateway  
  16  1:08  Probe  
  17  1:19  Gateway  
  17  1:32  Probe  
  18  1:44  Probe  
  18  1:46  Zealot x2 (Chrono Boost)  
  23  1:55  Cybernetics Core  
  21  2:31  Warp Gate  
  21  2:33  Stalker  
  23  2:42  Pylon  
  23  2:44  Assimilator  
  23  3:00  Probe, Zealot, Stalker  
  28  3:32  Stalker  
  28  3:33  Stalker  
  30  3:39  Pylon  
  30  3:42  Pylon  
  30  3:51  Forge  
  30  3:52  Probe  
  31  3:57  Zealot  
  23  4:47  Nexus  
  23  4:50  Assimilator  
  23  4:56  Assimilator  
Show
View Real Time Build Order
Export as new Build Order

Flexar Terran 

Build Orders:  

Get SALT Encoding   

  12  0:00  SCV  
  13  0:14  SCV  
  14  0:20  Supply Depot  
  14  0:26  SCV  
  15  0:30  Refinery  
  15  0:45  Barracks  
  15  0:52  SCV  
  16  1:10  Barracks  
  16  1:14  SCV  
  17  1:44  Barracks Tech Lab  
  17  1:46  SCV  
  18  1:56  Supply Depot  
  18  1:57  Barracks Tech Lab  
  18  1:58  SCV  
  19  2:02  Marauder  
  19  2:03  Concussive Shells  
  21  2:19  Marauder  
  23  2:24  Marauder  
  25  2:38  Refinery, Supply Depot  
  25  2:47  Marauder  
  27  2:52  SCV  
  28  3:04  SCV  
  31  3:05  Marauder  
  27  3:30  Marauder x2  
  22  3:51  Marauder  
  10  4:10  Marauder  
  10  4:13  Marauder  
  6  5:42  SCV  
  7  5:59  SCV  
  8  6:17  SCV  
  9  6:29  SCV  
  10  6:43  Marauder  
  12  6:51  Marauder  
  14  6:58  SCV  
  15  7:25  Factory  
  15  7:33  Supply Depot  
  15  7:40  SCV  
Show
View Real Time Build Order
Export as new Build Order

Massa Terran - Winner!

Build Orders:  

Get SALT Encoding   

  12  0:11  Supply Depot  
  12  0:13  SCV  
  13  0:25  SCV  
  14  0:37  SCV  
  15  0:49  SCV  
  16  1:00  Refinery  
  16  1:01  SCV  
  17  1:07  Barracks  
  17  1:13  SCV, Supply Depot  
  18  1:23  Barracks  
  18  1:28  SCV  
  19  1:44  Refinery  
  19  1:46  Barracks  
  19  2:01  Marine  
  19  2:03  SCV  
  21  2:15  SCV  
  22  2:18  Factory  
  22  2:19  Marine  
  23  2:25  Marine  
  24  2:35  Marine  
  25  2:40  Supply Depot  
  25  2:43  Marine  
  26  2:52  Marine  
  27  2:58  Supply Depot  
  27  3:00  Marine  
  27  3:02  Factory Tech Lab  
  28  3:10  Marine  
  29  3:18  Marine  
  30  3:21  Siege Tank  
  33  3:28  Marine  
  34  3:36  Marine  
  35  3:46  Marine  
  36  3:55  Siege Tank  
  37  4:52  Siege Tank  
  40  4:54  Orbital Command  
  40  5:06  Command Center  
  40  5:18  Supply Depot  
  40  5:24  Supply Depot  
  40  5:28  Command Center  
  40  5:34  Marine x2  
  42  5:52  Marine x2  
  44  6:09  Marine  
  44  6:10  Marine, Siege Tank  
  49  6:11  Marine  
  49  6:16  SCV  
  51  6:19  SCV  
  52  6:27  Marine x2  
  52  6:28  SCV  
  52  6:29  Marine  
  52  6:31  SCV  
  57  6:40  SCV  
  58  6:47  Marine  
  58  6:52  SCV  
  60  6:55  SCV  
  61  7:04  SCV  
  61  7:05  Marine  
  61  7:07  SCV  
  64  7:13  Engineering Bay  
  64  7:19  SCV  
  66  7:31  SCV  
  66  7:32  Starport  
  66  7:40  Engineering Bay  
  66  7:43  SCV  
Show
View Real Time Build Order
Export as new Build Order

qqq Protoss - Winner!

Build Orders: Cannon Rush 

Get SALT Encoding   

  12  0:04  Probe  
  13  0:20  Probe, Pylon  
  14  0:38  Probe  
  14  0:39  Forge  
  15  0:59  Pylon  
  15  1:21  Pylon  
  15  1:22  Pylon  
  15  1:35  Photon Cannon  
  15  1:37  Photon Cannon  
  15  1:42  Photon Cannon  
  14  2:03  Pylon  
  14  2:09  Photon Cannon  
  14  2:18  Photon Cannon  
  14  2:36  Probe  
  15  2:40  Photon Cannon  
  15  2:48  Probe  
  16  2:55  Photon Cannon  
  16  3:00  Probe  
  17  3:28  Photon Cannon  
  17  3:29  Pylon  
  17  3:43  Pylon  
  17  4:08  Photon Cannon  
  17  4:11  Pylon  
  17  4:14  Photon Cannon  
  17  4:22  Photon Cannon  
  17  4:31  Photon Cannon  
  17  4:39  Photon Cannon  
  17  4:42  Photon Cannon  
  17  4:53  Probe  
  17  4:54  Gateway  
  18  5:08  Pylon  
  18  5:23  Photon Cannon  
  18  5:48  Cybernetics Core  
  18  5:50  Pylon  
  18  5:54  Assimilator  
  18  5:55  Photon Cannon  
  18  5:57  Photon Cannon  
  18  5:59  Assimilator  
  18  6:34  Photon Cannon  
  18  6:36  Pylon  
  18  6:51  Probe  
  19  6:57  Photon Cannon  
  19  6:58  Photon Cannon  
  19  7:04  Probe  
  20  7:08  Shield Battery  
  20  7:12  Photon Cannon  
  20  7:16  Probe  
  20  7:20  Photon Cannon  
  21  7:26  Photon Cannon  
  21  7:28  Probe  
  22  7:36  Stargate  
  22  7:40  Probe  
  23  7:50  Photon Cannon  
Tags
 
Add a new tag
Caveats
  • Supply blocks, unpowered buildings, or Contaminate may cause inaccurate times.
  • Supply counts are checked every 10 seconds.